 Seeded DCSS version 0.29-a0-559-g359e09b9d1 (webtiles) character file.

Game seed: 8572682691686822440 (custom seed)

5061 happo123 the Covert (level 10, 63/73 HPs)
             Began as a Vampire Enchanter on June 10, 2022.
             Was a Priest of Wu Jian.
             Quit the game on level 9 of the Dungeon.
             The game lasted 00:35:10 (7950 turns).

happo123 the Covert (Vampire Enchanter)             Turns: 7950, Time: 00:35:11

Health: 63/73      AC:  8    Str: 13    XL:     10   Next: 31%
Magic:  4/17       EV: 14    Int: 30    God:    Wu Jian [***...]
Gold:   521        SH:  0    Dex: 14    Spells: 8/19 levels left

rFire   . . .      SeeInvis +   M - +4 short sword of Saqybav {vamp, Int+7}
rCold   . . .      Faith    .   e - orb {guile}
rNeg    . . .      Spirit   .   R - +0 troll leather armour
rPois   .          Reflect  .   o - +1 helmet
rElec   .          Harm     .   (no cloak)
rCorr   .          Rampage  .   v - +0 pair of gloves
Will    .....                   f - +0 pair of boots
Stlth   +++++.....              (no amulet)
HPRegen 1.22/turn               L - +6 ring of strength
MPRegen 0.15/turn               (no ring)

@: healing quickly
A: alive, fangs 3, see invisible, vampiric 2
a: Exsanguinate, Renounce Religion, Wall Jump, Serpent's Lash


You were on level 9 of the Dungeon.
You worshipped Wu Jian.
Wu Jian was most pleased with you.
You visited 2 branches of the dungeon, and saw 10 of its levels.
You also visited: Ossuary.

You collected 721 gold pieces.
You spent 200 gold pieces at shops.

Inventory:

Hand Weapons
 a - a +1 dagger
 M - the +4 short sword of Saqybav (weapon) {vamp, Int+7}
   (You bought it in a shop on level 6 of the Dungeon)

   It occasionally heals its wielder for a portion of the damage dealt when it
   wounds a living foe.
   Int:       It affects your intelligence (+7).
Missiles
 E - a throwing net
Armour
 b - a +0 robe
 e - an orb of guile (worn)
 f - a +0 pair of boots (worn)
 o - a +1 helmet (worn)
 v - a +0 pair of gloves (worn)
 B - a +2 pair of gloves
 H - +0 steam dragon scales
 R - a +0 troll leather armour (worn)
Magical Staves
 I - a staff of conjuration
Jewellery
 i - an amulet of regeneration
 L - a +6 ring of strength (left hand)
Wands
 u - a wand of polymorph (15)
 D - a wand of paralysis (7)
Scrolls
 d - 6 scrolls of fear {unknown}
 h - 4 scrolls of magic mapping {unknown}
 j - 2 scrolls of blinking {unknown}
 k - 8 scrolls of teleportation {unknown}
 m - 2 scrolls of summoning {unknown}
 r - 4 scrolls of enchant weapon {unknown}
 s - 5 scrolls of identify {unknown}
 w - a scroll of vulnerability {unknown}
 x - 2 scrolls of noise {unknown}
 y - 2 scrolls of poison {unknown}
 A - a scroll of brand weapon {unknown}
 K - a scroll of fog {unknown}
 N - 2 scrolls of amnesia {unknown}
 Q - a scroll of immolation {unknown}
Potions
 c - 3 potions of invisibility
 g - 3 potions of curing {unknown}
 l - 2 potions of heal wounds {unknown}
 n - a potion of resistance {unknown}
 p - 3 potions of flight {unknown}
 q - a potion of lignification {unknown}
 t - 2 potions of ambrosia {unknown}
 C - a potion of magic {unknown}
 F - 3 potions of haste {unknown}
 G - 4 potions of might {unknown}
 J - a potion of brilliance {unknown}
 O - a potion of attraction {unknown}
 P - a potion of cancellation {unknown}


   Skills:
 + Level 4.3 Fighting
 + Level 5.3 Short Blades
 + Level 5.9 Dodging
 * Level 11.9 Stealth
 + Level 5.0 Spellcasting
 * Level 11.1 Hexes
 + Level 1.5 Translocations
 + Level 4.8 Ice Magic


You had 8 spell levels left.
You knew the following spells:

 Your Spells              Type           Power      Damage    Failure   Level
a - Ensorcelled Hibernat  Hex/Ice        100%       N/A       1%          2
b - Confusing Touch       Hex            65%        N/A       1%          3
c - Tukima's Dance        Hex            65%        N/A       1%          3
d - Frozen Ramparts       Ice            72%        1d9       3%          3

Your spell library contained the following spells:

 Spells                   Type           Power      Damage    Failure   Level
 Freeze                   Ice            100%       1d11      1%          1
 Dazzling Flash           Conj/Hex       80%        N/A       2%          3
 Apportation              Tloc           32%        N/A       4%          1
 Blink                    Tloc           32%        N/A       6%          2
 Necrotize                Necr           28%        1d5       8%          1
 Summon Small Mammal      Summ           28%        N/A       8%          1
 Lesser Beckoning         Tloc           16%        N/A       12%         3
 Hailstorm                Conj/Ice       22%        3d7       26%         4
 Manifold Assault         Tloc           16%        N/A       73%         5


Dungeon Overview and Level Annotations

Branches:
Dungeon (9/15)             Temple (1/1) D:5            Lair (0/6) D:9
Ossuary (visited)
    Orc: D:9-12

Altars:
Ashenzari
Cheibriados
Dithmenos
Elyvilon
Fedhas
Gozag
Hepliaklqana
Kikubaaqudgha
Makhleb
Nemelex Xobeh
Okawaru
Qazlal
Ru
Sif Muna
Trog
Uskayaw
Vehumet
Wu Jian
Xom
Yredelemnul
Zin
The Shining One

Shops:
D:6 (


Innate Abilities, Weirdness & Mutations

Your natural rate of healing is accelerated.
You have razor-sharp teeth.
You have supernaturally acute eyesight. (SInv)
You are afflicted with vampirism and can become a bat while bloodless.


Message History

* * * LOW HITPOINT WARNING * * *
The black bear barely misses you. x2
Your Spellcasting skill increases to level 5!
You spin and attack the black bear repeatedly.
You hit the black bear.
You feel better.
The black bear is severely wounded.
You hit the black bear.
You feel better.
Your bite misses the black bear.
The black bear is almost dead.
The black bear misses you. The black bear completely misses you.
The black bear misses you.
Aiming: Ensorcelled Hibernation (safe; 1% risk of failure)
Press: ? - help, Q - select action, (/) - cycle Shift-Dir - straight line, f/p - black bear
Aim: a black bear (almost dead, berserk, not susceptible)
Okay, then.
You spin and attack the black bear.
You hit the black bear.
The black bear is almost dead.
The black bear closely misses you. The black bear completely misses you.
The black bear claws you but does no damage.
The black bear misses you. The black bear closely misses you.
The black bear claws you but does no damage.
You spin and attack the black bear repeatedly.
You hit the black bear but do no damage.
The black bear is almost dead.
You hit the black bear.
You feel better.
The black bear is almost dead.
The black bear bites you.
* * * LOW HITPOINT WARNING * * *
The black bear closely misses you. The black bear claws you.
* * * LOW HITPOINT WARNING * * *
The yak attacks as you move away! The yak misses you.
The black bear bites you but does no damage.
The black bear claws you but does no damage. x2
The black bear attacks as you move away!
The black bear bites you!
* * * LOW HITPOINT WARNING * * *
The black bear claws you but does no damage. x2
The yak attacks as you move away! The yak gores you!
Your necklace shatters, unleashing a wave of protective dreams!
You dream of health, and clouds.
Are you sure you want to abandon this character and quit the game? (Confirm with "yes".)

...#........ ...#......#
...#.....# ... ...#.....# ...##
...#(....# ..... .†.......#
#...## .........## ###.....### #
PP......Y†#######..§......#######
..P.....Y.......@§§..............
.P...P..h.....))#hY..............
P...P..##..####†#Y§..............
.P..P...#..#..†..............###'
..PP....#..#...†.............#...
....P...#..#.................'...
PP..P.P+#..##....#####'###...#...
..P.........#....#.......#...####
.PPPP.......#....#.....#'#.......


You could see 2 yaks and a black bear (berserk).

Vanquished Creatures
  A komodo dragon (D:9)
  A troll (D:9)
  Grinder (D:3)
  A wyvern (D:7)
  3 yaks (D:9)
  A steam dragon (D:7)
  Menkaure (D:4)
  3 water moccasins
  3 sky beasts
  3 orc warriors
  2 black bears (D:9)
  An ogre (D:7)
  3 centaurs
  2 phantoms
  4 bullfrogs
  2 kobold brigands
  A necrophage (D:5)
  4 scorpions
  3 killer bees (D:7)
  2 electric eels (D:7)
  4 howler monkeys
  A human zombie (Ossuary)
  2 jellies (D:7)
  6 orc priests
  A centaur zombie (Ossuary)
  6 hounds
  A gnoll shaman (D:8)
  Jessica (D:3)
  An iguana (D:4)
  3 orc wizards
  3 mummies
  11 gnolls
  8 adders
  An ufetubus (D:4)
  3 worms
  4 dart slugs
  26 orcs
  8 ball pythons
  6 endoplasms
  A giant cockroach (D:2)
  3 gnoll zombies (Ossuary)
  3 goblins
  5 hobgoblins
  2 quokkas
  7 bats
  5 frilled lizards
  3 goblin zombies (Ossuary)
  4 hobgoblin zombies (Ossuary)
  20 kobolds
  2 orc zombies (Ossuary)
  8 rats
201 creatures vanquished.

Vanquished Creatures (collateral kills)
  A gnoll (D:5)
1 creature vanquished.

Vanquished Creatures (others)
  16 fungi (D:9)
  21 plants (D:9)
37 creatures vanquished.

Grand Total: 239 creatures vanquished

Notes
Turn   | Place    | Note
-------+----------+-------------------------------------------
     0 | D:1      | happo123 the Vampire Enchanter began the quest for the Orb.
     0 | D:1      | Reached XP level 1. HP: 13/13 MP: 3/3
    50 | D:1      | Found a faded altar of an unknown god.
   287 | D:1      | Reached XP level 2. HP: 19/19 MP: 5/5
   290 | D:1      | Learned a level 2 spell: Ensorcelled Hibernation
   715 | D:1      | Reached skill level 5 in Stealth
  1072 | D:2      | Gained mutation: You are afflicted with vampirism and can
                  | become a bat while bloodless. [Vampire growth]
  1072 | D:2      | Reached XP level 3. HP: 25/25 MP: 6/6
  1670 | D:2      | Reached skill level 5 in Hexes
  1697 | D:2      | Reached XP level 4. HP: 31/31 MP: 7/7
  1701 | D:2      | Learned a level 3 spell: Confusing Touch
  1723 | D:3      | Noticed Jessica
  1726 | D:3      | Killed Jessica
  1727 | D:3      | Reached skill level 1 in Fighting
  1727 | D:3      | Reached skill level 1 in Ice Magic
  2267 | D:3      | Noticed Grinder
  2276 | D:3      | Reached XP level 5. HP: 29/29 MP: 4/8
  2290 | D:3      | Killed Grinder
  2291 | D:3      | Reached XP level 6. HP: 22/35 MP: 3/10
  2298 | D:3      | Learned a level 3 spell: Tukima's Dance
  2740 | D:4      | Noticed Menkaure
  2749 | D:4      | Killed Menkaure
  2750 | D:4      | Reached XP level 7. HP: 40/40 MP: 11/11
  3011 | D:5      | Entered Level 5 of the Dungeon
  3114 | D:5      | Found the dreamshard necklace {*Dream Drain}
  3238 | D:5      | Found a staircase to the Ecumenical Temple.
  3247 | Temple   | Entered the Ecumenical Temple
  3250 | Temple   | Became a worshipper of the Wu Jian Council
  3469 | Temple   | Learned a level 3 spell: Frozen Ramparts
  4497 | D:6      | Reached XP level 8. HP: 45/45 MP: 13/13
  4640 | D:6      | Found Esesamae's Antique Weapon Shop.
  4945 | D:6      | Found a shimmering altar of Xom.
  5231 | D:6      | Reached * piety under Wu Jian
  5481 | D:7      | Reached XP level 9. HP: 51/51 MP: 9/15
  5713 | D:7      | Reached skill level 10 in Stealth
  5880 | D:7      | Reached skill level 5 in Dodging
  6016 | D:7      | Reached ** piety under Wu Jian
  6418 | D:7      | Reached skill level 10 in Hexes
  6511 | D:6      | Bought a bloodstained short sword for 200 gold pieces
  6511 | D:6      | Identified the +4 short sword of Saqybav {vamp, Int+7} (You
                  | bought it in a shop on level 6 of the Dungeon)
  6697 | D:8      | Found a sand-covered staircase.
  6712 | Ossuary  | Entered an ossuary
  7528 | D:8      | Reached *** piety under Wu Jian
  7789 | D:9      | Reached skill level 5 in Short Blades
  7791 | D:9      | Noticed a troll
  7800 | D:9      | Killed a troll
  7890 | D:9      | Reached skill level 1 in Translocations
  7890 | D:9      | Reached XP level 10. HP: 54/63 MP: 13/17
  7908 | D:9      | Found a staircase to the Lair.
  7945 | D:9      | Reached skill level 5 in Spellcasting
  7949 | D:9      | HP: 3/73 [black bear (10)]
  7950 | D:9      | Quit the game

Illustrated notes

Levels and vault maps discovered:
D:1:      ncdulo_lavacross, layout_basic, serial_rivers,
          chequers_serial_rivers_marsh, chequers_serial_rivers_micro_c,
          chequers_serial_rivers_large_a, chequers_serial_rivers_small_a,
          chequers_serial_rivers_micro_e, chequers_serial_rivers_room_b,
          ebering_ecumenical_altar_box, serial_bayou_ford_a
D:2:      layout_loops_ring, minmay_surrounded
D:3:      layout_loops_ring, item_on_display_b, uniq_jessica, uniq_grinder
D:4:      layout_rooms, uniq_menkaure
D:5:      layout_loops_corners, minmay_temple_entry_large_hall, minivault_27,
          chequers_decorated_corner
D:6:      layout_basic, mainiacjoe_overflow_cross_hatched, serial_shops,
          nicolae_take_the_stairs, hangedman_decor_growths
D:7:      cheibrodos_helix_gallery, layout_basic
D:8:      layout_loops_cross, gup_ossuary_entry_pyramid
D:9:      layout_irregular_city, due_lair_maze_entry_diamond,
          minmay_fire_ice_demons
Temple:   dpeg_three_leaves_temple

Skill      XL: |  1  2  3  4  5  6  7  8  9 10 |
---------------+-------------------------------+-----
Stealth        | 5 6 7 8 9 11 | 11.9
Hexes          | 5 6 7 9 10 11 | 11.1
Fighting       | 1 2 3 4 |  4.3
Ice Magic      | 1 2 3 4 |  4.8
Short Blades   | 2 3 4 5 |  5.3
Dodging        | 3 4 5 |  5.9
Spellcasting   | 3 4 5 |  5.0
Translocations | 1 |  1.5

Action                   |  1- 3 |  4- 6 |  7- 9 | 10-12 || total
-------------------------+-------+-------+-------+-------++-------
Melee: Dagger            |   115 |    65 |   132 |       ||   312
       Bite              |    10 |     5 |    22 |     1 ||    38
       Short sword       |       |       |    80 |    24 ||   104
 Cast: Ensorcelled Hiber |    12 |     8 |    42 |     6 ||    68
       Confusing Touch   |       |     3 |    13 |     1 ||    17
       Frozen Ramparts   |       |       |    11 |     1 ||    12
       Tukima's Dance    |       |       |     4 |       ||     4
Invok: Lunge             |       |       |    42 |     1 ||    43
       Whirlwind         |       |       |     8 |     4 ||    12
 Abil: Exsanguinate      |       |     1 |       |       ||     1
       Revivify          |       |       |     1 |       ||     1
 Stab: Sleeping          |    24 |    22 |    67 |     3 ||   116
       Distracted        |     1 |       |     1 |       ||     2
       Confused          |       |     3 |     8 |     2 ||    13
Armor: Robe              |    52 |    18 |     7 |       ||    77
       Steam dragon scal |       |       |    19 |       ||    19
       Troll leather arm |       |       |       |    13 ||    13
Dodge: Dodged            |    92 |    35 |    84 |    20 ||   231

Table legend: (Time is in decaauts)
 A = Elapsed time spent in this place.
 B = Non-inter-level travel time spent in this place.
 C = Inter-level travel time spent in this place.
 D = Time resting spent in this place.
 E = Time spent auto-exploring this place.
 F = Levels seen in this place.
 G = Mean time per level.
                   A        B        C        D        E       F      G
               +--------+--------+--------+--------+--------+-----+--------+
         Total |   7942 |   7174 |    768 |    351 |   5197 |  11 |  722.0 |
       Dungeon |   7332 |   6580 |    752 |     46 |   5142 |   9 |  814.7 |
        Temple |    271 |    255 |     16 |    184 |     55 |   1 |  271.0 |
       Ossuary |    339 |    339 |      0 |    121 |      0 |   1 |  339.0 |
               +--------+--------+--------+--------+--------+-----+--------+

Top non-repeatable levels by time:
     D:5: 1201 daAuts
     D:7: 1135 daAuts
     D:1: 945 daAuts
     D:6: 931 daAuts
     D:8: 850 daAuts
     D:2: 793 daAuts
     D:3: 786 daAuts
     D:4: 504 daAuts
 Ossuary: 339 daAuts
  Temple: 271 daAuts
     D:9: 183 daAuts
